 Dungeon Crawl Stone Soup version 0.19-a0-1922-g1e9a4c1 (webtiles) character file.

30077 varam the Brawler (level 13, 122/122 HPs)
             Began as a Troll Monk on Oct 24, 2016.
             Was a High Priest of Okawaru.
             Quit the game on level 6 of the Lair of Beasts.
             The game lasted 01:02:17 (16709 turns).

varam the Brawler (Troll Monk)                     Turns: 16709, Time: 01:02:17

Health: 122/122    AC:  7    Str: 26    XL:     13   Next: 18%
Magic:  14/14      EV: 20    Int:  6    God:    Okawaru [*****.]
Gold:   1058       SH:  0    Dex: 18    Spells: 0 memorised, 12 levels left

rFire  . . .     SeeInvis .       - Unarmed
rCold  . . .     Gourm    +     x - +1 robe of the Planets {MR+ Str+4}
rNeg   . . .     Faith    .     (no shield)
rPois  .         Spirit   .     V - +0 hat
rElec  .         Reflect  .     M - +0 cloak {MR+}
rCorr  .         Harm     +     (gloves unavailable)
MR     ++...                    (boots unavailable)
Stlth  ++........               y - amulet of harm
                                t - +3 ring of evasion
                                (no ring)

@: no status effects
A: unfitting armour, claws 3, talons 1, agile 1, fast metabolism 3, gourmand,
mutation resistance 1, regeneration 1, shaggy fur 1, tough skin 2, subdued magic
1, MP-powered wands
a: Heroism, Finesse, Renounce Religion


You were on level 6 of the Lair of Beasts.
You worshipped Okawaru.
Okawaru was extremely pleased with you.
You were full.

You visited 4 branches of the dungeon, and saw 20 of its levels.
You also visited: Volcano.

You collected 1058 gold pieces.

Inventory:

Hand Weapons
 P - a +0 blowgun
Missiles
 u - a throwing net
 O - 7 tomahawks
 T - 3 javelins (quivered)
 X - 7 needles of paralysis
Armour
 v - the +1 robe of Too Many Cooks {rC+}
   (Okawaru gifted it to you on level 4 of the Lair of Beasts)

   It protects you from cold.
 x - the +1 robe of the Planets (worn) {MR+ Str+4}
   (You found it on level 1 of the Lair of Beasts)

   It affects your strength (+4).
   It affects your resistance to hostile enchantments.
 M - a +0 cloak of magic resistance (worn)
 V - a +0 hat (worn)
Rods
 Y - a +4 rod of clouds (14/14)
   (You found it on level 1 of the Lair of Beasts)
Jewellery
 g - an uncursed ring of magical power
 q - an uncursed ring of stealth
 t - a +3 ring of evasion (right claw)
 y - an amulet of harm (around neck)
 A - an uncursed ring of flight
 D - an uncursed amulet of rage
Wands
 c - a wand of iceblast (3/15)
 e - a wand of confusion (27/48)
 h - a wand of random effects (29/48)
 l - a wand of teleportation (4/9)
 K - a wand of disintegration (11/24)
Scrolls
 a - 2 scrolls of enchant armour {unknown}
 d - 8 scrolls of remove curse {@r2}
 p - 6 scrolls of blinking
 s - 5 scrolls of teleportation
 H - a scroll of identify {@r1}
Potions
 i - 5 potions of heal wounds
 j - 5 potions of ambrosia
 k - a potion of mutation {unknown}
 o - 5 potions of agility
 w - 5 potions of lignification
 B - 3 potions of might
 C - a potion of curing {@q1}
Books
 f - a book of Conjurations

   Spells                             Type                      Level
   a - Magic Dart                     Conjuration                  1
   b - Searing Ray                    Conjuration                  2
   c - Dazzling Spray                 Conjuration/Hexes            3
   d - Fulminant Prism                Conjuration/Hexes            4
   e - Iskenderun's Mystic Blast      Conjuration                  4
   f - Iskenderun's Battlesphere      Conjuration/Charms           5
 G - a book of Debilitation

   Spells                             Type                      Level
   a - Corona                         Hexes                        1
   b - Slow                           Hexes                        2
   c - Gell's Gravitas                Hexes/Translocation          3
   d - Inner Flame                    Hexes/Fire                   3
   e - Cause Fear                     Hexes                        4
   f - Leda's Liquefaction            Hexes/Earth                  4
 I - a book of Alchemy

   Spells                             Type                      Level
   a - Sublimation of Blood           Necromancy                   2
   b - Ignite Poison                  Fire/Transmutation/Poison    3
   c - Petrify                        Transmutation/Earth          4
   d - Alistair's Intoxication        Transmutation/Poison         5
   e - Irradiate                      Conjuration/Transmutation    5
Comestibles
 m - 7 fruits
 n - a royal jelly
 r - a slice of pizza
 z - 3 meat rations
 E - a bread ration
 F - 6 beef jerkies


   Skills:
 * Level 6.3 Fighting
   Level 0.1 Short Blades
 - Level 4.2 Throwing
 - Level 4.1 Armour
 + Level 10.4 Dodging
 - Level 1.0 Stealth
 - Level 15.5 Unarmed Combat
 - Level 2.8 Invocations
 + Level 1.8 Evocations


You had 12 spell levels left.
You didn't know any spells.

Dungeon Overview and Level Annotations

Branches:
Dungeon (12/15)            Temple (1/1) D:6            Lair (6/6) D:8
 Shoals (0/4) Lair:2       Spider (0/4) Lair:4        Slime (0/5) Lair:6
    Orc (1/2) D:9

Altars:
Ashenzari
Cheibriados
Dithmenos
Elyvilon
Fedhas
Gozag
Hepliaklqana
Kikubaaqudgha
Nemelex Xobeh
Okawaru
Qazlal
Ru
Sif Muna
Trog
Uskayaw
Vehumet
Xom
Yredelemnul
Zin
The Shining One
Jiyva

Shops:
D:7 *   D:10 [

Annotations:
D:11 Josephine
Lair:2 exclusion: oklob plant
Lair:6 1 runed door


Innate Abilities, Weirdness & Mutations

You are too large for most types of armour.
You have claws for hands.
Your metabolism is lightning-fast.
You like to eat raw meat.
Your natural rate of healing is unusually fast.
You are covered in fur. (AC +1)
You have very tough skin. (AC +2)
You have sharp toenails.
You are agile. (Dex +2)
You are somewhat resistant to further mutation.
Your spells are a little easier to cast, but a little less powerful.
You expend magic power (3 MP) to strengthen your wands.


Message History

A - a ring of flight (left claw) Put on which piece of jewellery? (? for menu, Esc to quit)
You're wearing all the rings you can.
Remove which one? (? for menu, Esc to cancel) < or
A - a ring of flight; > or
t - a +3 ring of evasion You remove your ring of flight.
Oops, that ring feels deathly cold.
b - a cursed -3 ring of evasion (left claw)
As you read the scroll of remove curse {@r2}, it crumbles to dust.
You feel as if something is helping you.
Drop what? 43/52 slots (_ for help) (? for menu, Esc to quit)
You remove your -3 ring of evasion.
You drop a -3 ring of evasion.
Put on which piece of jewellery? (? for menu, Esc to quit)
You remove your amulet of rage.
y - an amulet of harm (around neck) Unknown command.
A fire crab comes into view.
The fire crab breathes flames at you.
Are you sure you want to abandon this character and quit the game? (Confirm with "yes".)

#≈§≈...≈≈##.......... +....
#≈≈≈..t.§##...#.#.#.. ....
#§≈§..§.≈###.###...## ≈##...
##§≈...§§≈# #.P###.#..
§§######≈§§..§≈≈§# #..#P)<...
≈§≈≈§≈≈§≈≈..§§§§≈# #.#......#
§≈§≈#≈≈≈≈#.§§§§#≈≈≈#.'.......
##...##..§§§§##≈≈#<##......
##.........@§## ###..##...#.
#..........§§# ##..#.###.##
#..........§#####...P....#..
##...=.....####.............
#8.........# #..............
##.##8#....###.............. ###
#8#8####..###............... ..##
## #####..###.........#.P...
...######..##..##.........#######


You could see a fire crab.

Vanquished Creatures
  3 hydras
  An orc high priest (Orc:1)
  An unseen horror (D:10)
  3 elephants (Lair:6)
  8 black mambas
  Psyche (D:7)
  A molten gargoyle (Lair:6)
  12 spiny frogs
  The ghost of Goblin1989 the Cutter, a novice DsAs of Gozag (D:6)
  A rime drake (Lair:4)
  5 komodo dragons
  2 polar bears
  2 hornets
  A two-headed ogre (D:8)
  12 blink frogs
  2 hippogriffs
  3 redbacks (Lair:4)
  3 fire bats (Lair:2)
  4 basilisks
  6 wyverns
  9 yaks
  A hungry ghost (D:9)
  3 wargs
  12 water moccasins
  4 hell hounds (Lair:6)
  6 porcupines
  9 orc warriors
  2 sky beasts (D:6)
  The ghost of Capuchin the Shield-Bearer, an amateur MiFi (D:3)
  An eye of draining (D:8)
  3 ice beasts
  2 phantoms (D:9)
  10 ogres
  4 wolves (Lair:4)
  2 centaurs
  16 crocodiles
  5 big kobolds
  8 bullfrogs
  A gnoll sergeant (D:10)
  10 killer bees
  2 scorpions
  A wight (D:10)
  4 howler monkeys
  5 electric eels (D:9)
  5 crimson imps
  2 lava snakes (Lair:6)
  3 hounds
  3 jellies
  A bullfrog skeleton (D:4)
  7 orc priests
  Ijyb (D:3)
  A gnoll shaman (D:7)
  3 iguanas
  10 orc wizards
  Natasha (thrice) (D:3)
  6 worker ants
  A killer bee zombie (D:8)
  A hound zombie (D:5)
  A howler monkey zombie (D:7)
  8 gnolls
  A howler monkey skeleton (D:9)
  20 adders
  2 shadow imps
  An adder skeleton (D:4)
  An adder zombie (D:5)
  2 worms (D:2)
  2 dart slugs
  3 leopard geckos
  18 orcs
  2 ball pythons (D:4)
  7 giant cockroaches
  3 goblins (D:1)
  8 hobgoblins
  2 jackals (D:3)
  8 quokkas
  9 bats
  9 frilled lizards
  A jackal zombie (D:7)
  25 kobolds
  A quokka skeleton (D:6)
  8 rats
  4 fungi (D:8)
  11 plants
397 creatures vanquished.

Vanquished Creatures (others)
  An orc (D:9)
  19 fungi
  15 plants
35 creatures vanquished.

Grand Total: 432 creatures vanquished

Notes
Turn   | Place    | Note
-------+----------+-------------------------------------------
     0 | D:1      | varam the Troll Monk began the quest for the Orb.
     0 | D:1      | Reached XP level 1. HP: 22/22 MP: 0/0
   120 | D:1      | Reached XP level 2. HP: 28/29 MP: 1/1
   168 | D:2      | Found an ancient bone altar of Kikubaaqudgha.
   230 | D:3      | Noticed Ijyb
   249 | D:3      | Killed Ijyb
   249 | D:3      | Reached skill level 4 in Unarmed Combat
   249 | D:3      | Reached XP level 3. HP: 28/36 MP: 2/2
   296 | D:3      | Found an opulent altar of Gozag.
   383 | D:3      | Found a basalt altar of Yredelemnul.
   433 | D:3      | Noticed Natasha
   442 | D:3      | Killed Natasha
   442 | D:3      | Reached skill level 5 in Unarmed Combat
   442 | D:3      | Reached XP level 4. HP: 31/44 MP: 3/3
   469 | D:3      | Noticed Capuchin's ghost (amateur MiFi)
   483 | D:3      | Killed Capuchin's ghost
   483 | D:3      | Reached skill level 6 in Unarmed Combat
   483 | D:3      | Reached XP level 5. HP: 13/50 MP: 4/4
   529 | D:3      | Noticed Natasha
   534 | D:3      | Killed Natasha
   745 | D:4      | Noticed an ogre
   747 | D:4      | Noticed an ogre
   755 | D:4      | Killed an ogre
   755 | D:4      | Reached skill level 7 in Unarmed Combat
   755 | D:4      | Reached XP level 6. HP: 53/59 MP: 5/5
   782 | D:4      | Found a glowing silver altar of Zin.
   785 | D:4      | Noticed an angel
   788 | D:4      | Found a shimmering altar of Xom.
  1004 | D:4      | Found a stormy altar of Qazlal.
  1005 | D:4      | Found a bloodstained altar of Trog.
  1085 | D:5      | Entered Level 5 of the Dungeon
  1172 | D:5      | Reached skill level 8 in Unarmed Combat
  1172 | D:5      | Reached XP level 7. HP: 66/66 MP: 6/6
  1218 | D:6      | Noticed Goblin1989's ghost (novice DsAs)
  1234 | D:6      | Killed Goblin1989's ghost
  1234 | D:6      | Reached skill level 9 in Unarmed Combat
  1276 | D:6      | Gained mutation: Your spells are a little easier to cast, but a little less powerful. [mutagenic meat]
  1277 | D:6      | Gained mutation: Your body sometimes deteriorates upon taking damage. [mutagenic meat]
  1278 | D:6      | Lost mutation: Your body sometimes deteriorates upon taking damage. [mutagenic meat]
  1279 | D:6      | Gained mutation: Your flesh is cold resistant. (rC+) [mutagenic meat]
  1280 | D:6      | Lost mutation: Your flesh is cold resistant. (rC+) [mutagenic meat]
  1433 | D:6      | Reached XP level 8. HP: 68/74 MP: 7/7
  1434 | D:6      | Found a staircase to the Ecumenical Temple.
  1448 | Temple   | Entered the Ecumenical Temple
  1593 | Temple   | Became a worshipper of Warmaster Okawaru
  1593 | Temple   | Reached * piety under Okawaru
  1593 | Temple   | Reached ** piety under Okawaru
  1735 | D:3      | Noticed Natasha
  1746 | D:3      | Killed Natasha
  3088 | D:2      | Found a shattered altar of Ashenzari.
  3088 | D:2      | Found a glowing golden altar of the Shining One.
  3499 | D:5      | Reached skill level 10 in Unarmed Combat
  3643 | D:5      | Found a sacrificial altar of Ru.
  4099 | D:6      | Gained mutation: You have sharp toenails. [mutagenic meat]
  4100 | D:6      | Gained mutation: You are agile. (Dex +2) [mutagenic meat]
  4101 | D:6      | Gained mutation: You expend magic power (3 MP) to strengthen your wands. [mutagenic meat]
  4102 | D:6      | Gained mutation: You are somewhat resistant to further mutation. [mutagenic meat]
  4954 | D:7      | Reached skill level 11 in Unarmed Combat
  4992 | D:7      | Reached XP level 9. HP: 79/83 MP: 8/8
  5067 | D:8      | HP: 2/83 [two-headed ogre/giant club (23)]
  5310 | D:7      | Found Sathrergha's Elemental Accessories.
  5369 | D:7      | Reached *** piety under Okawaru
  5560 | D:7      | Reached skill level 12 in Unarmed Combat
  6170 | D:8      | Noticed Psyche
  6173 | D:8      | Found a sparkling altar of Nemelex Xobeh.
  6178 | D:8      | Found a glowing silver altar of Zin.
  6289 | D:7      | Killed Psyche
  6289 | D:7      | Reached **** piety under Okawaru
  6304 | D:8      | Found a staircase to the Lair.
  6326 | D:8      | Reached XP level 10. HP: 92/92 MP: 9/9
  6356 | D:8      | Reached skill level 13 in Unarmed Combat
  6393 | D:8      | Reached skill level 1 in Invocations
  6439 | D:8      | Reached skill level 5 in Dodging
  7320 | D:8      | Paralysed by a hornet for 1 turns
  7513 | D:9      | Reached ***** piety under Okawaru
  8077 | D:9      | Found a staircase to the Orcish Mines.
  8469 | D:9      | Reached skill level 5 in Fighting
  8538 | D:9      | You fall through a shaft for 2 floors!
  8538 | D:11     | Noticed Josephine
  8626 | D:10     | Entered Level 10 of the Dungeon
  9121 | D:10     | Found Ysaareigh's Antique Armour Shop.
  9150 | D:10     | Killed an unseen horror
  9356 | Lair:1   | Entered Level 1 of the Lair of Beasts
  9587 | Lair:1   | Reached XP level 11. HP: 90/104 MP: 11/11
  9660 | Lair:1   | Noticed a six-headed hydra
  9670 | Lair:1   | Killed a nine-headed hydra
  9670 | Lair:1   | Received a gift from Okawaru
  9883 | Lair:1   | Identified a +4 rod of clouds (14/14) (You found it on level 1 of the Lair of Beasts)
 10143 | Lair:1   | Got a heavy robe
 10154 | Lair:1   | Identified the +1 robe of the Planets {MR+ Str+4} (You found it on level 1 of the Lair of Beasts)
 10871 | Lair:2   | Found a staircase to the Shoals.
 10979 | Lair:2   | Reached skill level 1 in Evocations
 10984 | Lair:2   | Found a dark tunnel.
 10994 | Volcano  | Entered a volcano
 11749 | Lair:2   | Noticed an oklob plant
 12008 | Lair:3   | Reached skill level 14 in Unarmed Combat
 12030 | Lair:3   | Reached skill level 1 in Armour
 12509 | Lair:4   | Found a hole to the Spider Nest.
 12533 | Lair:4   | Received a gift from Okawaru
 12533 | Lair:4   | HP: 4/105 [redback (8)]
 12542 | Lair:4   | Got a shimmering robe {god gift}
 12876 | Lair:4   | Identified the +1 robe of Too Many Cooks {rC+} (Okawaru gifted it to you on level 4 of the Lair of Beasts)
 13361 | Lair:4   | Reached XP level 12. HP: 96/114 MP: 10/12
 13649 | Lair:5   | Reached skill level 15 in Unarmed Combat
 14598 | Lair:6   | Entered Level 6 of the Lair of Beasts
 14846 | Lair:6   | Reached skill level 1 in Throwing
 14853 | Lair:6   | Received a gift from Okawaru
 14898 | Lair:6   | Found a viscous altar of Jiyva.
 14899 | Lair:6   | Found a staircase to the Slime Pits.
 14980 | Lair:6   | Noticed a four-headed hydra
 14986 | Lair:6   | Killed a seven-headed hydra
 15341 | Lair:6   | Found a large runed door.
 15348 | Lair:6   | Reached XP level 13. HP: 62/120 MP: 12/14
 15447 | Lair:6   | Received a gift from Okawaru
 15668 | Orc:1    | Entered Level 1 of the Orcish Mines
 15801 | Orc:1    | Reached skill level 10 in Dodging
 16709 | Lair:6   | Quit the game

Vault maps used:
D:1:      lemuel_arrival_tunnels, hangedman_decor_points, minmay_close_crescents
D:2:      nicolae_overflow_crystal_walls, gammafunk_temple_overflow_wave
D:3:      lemuel_round_altar, gup_sewer_entry_bowl, lemuel_statue_altar,
          uniq_iyjb, uniq_natasha
D:4:      grunt_temple_overflow_order_and_chaos_1,
          gammafunk_temple_overflow_pools
D:5:      first_bread, minmay_misc_feat_enclosed, mrwooster_statue_mirror,
          nicolae_ru_path_of_blood
D:6:      minivault_19
D:7:      kennysheep_seaside_town, nicolae_elemental_shop
D:8:      nemelex_xobeh_ov_fountains_minmay, due_lair_maze_entry_diamond,
          basic_altar, uniq_psyche
D:9:      orc_0_dummy, serial_bayou, serial_bayou_lagoon_a, serial_bayou_lake_a,
          serial_bayou_pond_a, serial_bayou_pond_a, serial_bayou_crossing,
          serial_bayou_ford_a
D:10:     serial_shops, nicolae_shop_temple_entry_statues_fountains
D:11:     grunt_pizzeria, uniq_josephine
D:12:     nicolae_sextant, st_stairs_14
Temple:   minmay_temple_curvy_loop
Lair:2:   minmay_lair_oklob_items, elwin_shoals_entry_rocks,
          nicolae_volcano_entry_batcave, beast_lair_carwin_11, lemuel_fruit_tree
Lair:3:   regret_index_wax_grids
Lair:4:   minmay_lair_venomous_thicket, spider_nest_entry_webs,
          grunt_megastairs_2
Lair:5:   minivault_19, grunt_megastairs_1, infiniplex_staircase_pool
Lair:6:   cheibrodos_lair_end_hotspot, slime_altar_1
Orc:1:    roderic_batcave
Volcano:  volcano_lake

Skill      XL: |  1  2  3  4  5  6  7  8  9 10 11 12 13 |
---------------+----------------------------------------+-----
Unarmed Combat | 4 5 6 7 8 9 11 12 13 14 15 | 15.5
Dodging        | 3 4 7 8 9 10 | 10.4
Fighting       | 3 4 5 6 |  6.3
Invocations    | 1 2 |  2.8
Evocations     | 1 |  1.8
Armour         | 2 4 |  4.1
Throwing       | 3 4 |  4.2
Short Blades   | |  0.1
Stealth        | |  1.0

Action                   |  1- 3 |  4- 6 |  7- 9 | 10-12 | 13-15 || total
-------------------------+-------+-------+-------+-------+-------++-------
Melee: Unarmed           |    73 |    68 |   302 |   699 |    70 ||  1212
       Punch             |     1 |     2 |    15 |    75 |     4 ||    97
       Kick              |       |       |    60 |   280 |    20 ||   360
       Dagger            |       |       |       |    22 |       ||    22
Throw: Throwing net      |       |       |     1 |       |       ||     1
       Stone             |       |       |       |     4 |       ||     4
       Javelin           |       |       |       |       |     4 ||     4
Invok: Heroism           |       |       |     5 |    14 |     3 ||    22
 Abil: Evoke Berserk Rag |       |       |       |     1 |       ||     1
Evoke: Wand              |       |       |       |     4 |     1 ||     5
  Use: Scroll            |       |       |       |    12 |     1 ||    13
       Potion            |       |       |       |     4 |       ||     4
 Stab: Sleeping          |       |     3 |     3 |     7 |     1 ||    14
       Distracted        |       |       |       |     1 |       ||     1
  Eat: Chunk             |     3 |     7 |    57 |    82 |    11 ||   160
       Pizza             |       |       |     1 |     2 |       ||     3
       Fruit             |       |       |       |     2 |       ||     2
Armor: Robe              |    23 |    10 |    64 |    96 |    17 ||   210
       Animal skin       |       |       |       |     1 |       ||     1
Dodge: Dodged            |    31 |    20 |   162 |   445 |   110 ||   768
